 Dungeon Crawl Stone Soup version 0.27-a0-103-g6cd7b45605 (webtiles) character file.

Game seed: 11912693200346298498

6 vurker the Firebug (level 1, -1/11 HPs)
             Began as an Octopode Fire Elementalist on Jan 23, 2021.
             Hit by a stone thrown by a kobold (2 damage)
             ... on level 1 of the Dungeon.
             The game lasted 00:00:38 (280 turns).

vurker the Firebug (Octopode Fire Elementalist)      Turns: 280, Time: 00:00:39

Health: -1/11      AC:  1    Str:  7    XL:     1   Next: 90%
Magic:  0/3        EV: 13    Int: 17    God:
Gold:   57         SH:  0    Dex: 12    Spells: 3/4 levels left

rFire    . . .     SeeInvis .   (no weapon)
rCold    . . .     Faith    .   (no shield)
rNeg     . . .     Spirit   .   (helmet restricted)
rPois    .         Reflect  .   (no amulet)
rElec    .         Harm     .   (no ring)
rCorr    .         Rampage  .   (no ring)
Will     .....                  (no ring)
Stlth    +++.......             (no ring)
HPRegen  0.03/turn              (no ring)
MPRegen  0.08/turn              (no ring)
                                (no ring)
                                (no ring)

@: no status effects
A: almost no armour, stealthy swim, amphibious, 8 rings, constrict 8, camouflage
1, gelatinous body 1
a: no special abilities


You were on level 1 of the Dungeon.
You visited 1 branch of the dungeon, and saw 1 of its levels.

You collected 57 gold pieces.

Inventory:

Jewellery
 e - an uncursed ring of ice
   (You found it on level 1 of the Dungeon)
Potions
 a - a potion of berserk rage {unknown}
 b - a potion of invisibility {unknown}
 c - 2 potions of haste {unknown}
 d - a potion of curing {unknown}


   Skills:
 + Level 0.2 Fighting
 - Level 2.0 Dodging
 - Level 2.6 Stealth
 * Level 2.1 Spellcasting
 * Level 1.2 Conjurations
 * Level 3.1 Fire Magic


You had 3 spell levels left.
You knew the following spells:

 Your Spells              Type           Power        Failure   Level
a - Foxfire               Conj/Fire      36%          8%          1

Your spell library contained the following spells:

 Spells                   Type           Power        Failure   Level
 Conjure Flame            Conj/Fire      9%           24%         3
 Inner Flame              Hex/Fire       7%           30%         3
 Sticky Flame             Conj/Fire      9%           61%         4
 Fireball                 Conj/Fire      4%           91%         5


Dungeon Overview and Level Annotations

Branches:
Dungeon (1/15)

Altars:


Innate Abilities, Weirdness & Mutations

You cannot wear most types of armour.
You are very stealthy in the water. (Stealth+)
You are amphibious.
You can wear up to eight rings at the same time.
You can use your tentacles to constrict eight enemies at once.
Your skin changes colour to match your surroundings (Stealth+).
Your rubbery body absorbs attacks. (AC +1, EV +1)


Message History

The foxfire hits the kobold.
You conjure some foxfire!
The foxfire hits the giant cockroach but does no damage.
The giant cockroach bites you.
You don't have enough magic to cast that spell.
You tentacle-slap the giant cockroach but do no damage.
You grab the giant cockroach. You constrict the giant cockroach.
The foxfire hits the giant cockroach.
You kill the giant cockroach!
The foxfire hits the kobold.
You kill the kobold!
You tentacle-slap the giant cockroach. Your grab misses the giant cockroach.
The giant cockroach closely misses you.
You tentacle-slap the giant cockroach but do no damage.
Your grab misses the giant cockroach. The giant cockroach misses you.
You tentacle-slap the giant cockroach. You grab the giant cockroach.
You squeeze the giant cockroach.
You kill the giant cockroach!
No target in view!
No target in view!
A bat comes into view.
A bat is nearby!
A bat is nearby!
The bat completely misses you.
You conjure some foxfire!
The bat hits you but does no damage.
The teleport trap disappears.
The bat disappears!
You conjure some foxfire!
You open the door.
Found a viscous dark potion.
A leopard gecko, a hobgoblin and a kobold come into view.
The kobold is wielding a +1 vampiric short sword.
There is an open door here.
There are monsters nearby!
You conjure some foxfire!
You conjure some foxfire!
The foxfire hits the leopard gecko.
The leopard gecko hisses angrily.
The hobgoblin shouts!
Nothing appears to happen.
The leopard gecko bites you.
The leopard gecko hisses menacingly.
The leopard gecko closely misses you. The leopard gecko bites you.
* * * LOW HITPOINT WARNING * * *
You closely miss the leopard gecko. Your grab misses the leopard gecko.
The leopard gecko misses you.
The kobold hits you with a +1 vampiric short sword.
* * * LOW HITPOINT WARNING * * *
There is an open door here.
The leopard gecko barely misses you.
The kobold throws a stone.
The stone misses you.
The kobold throws a stone.
The stone hits you.
You die...

## ##..########
... +........)..
### ###.#######.
#.## #..# .#+####
.. ##'## #.......
## ##8(8##
#.......
##(.(..##
#.......
##8.(†@l8###.....
##.........##...
#8.........8#.#
+.....(....Kg!#
#8.........8#.#
##.........##.#
##8.....8###g#
##.....## #.#
##8.8## ...


You could see a leopard gecko, a hobgoblin and a kobold.

Vanquished Creatures
  2 giant cockroaches (D:1)
  A hobgoblin (D:1)
  2 kobolds (D:1)
5 creatures vanquished.

Vanquished Creatures (others)
  22 foxfires (D:1)
22 creatures vanquished.

Grand Total: 27 creatures vanquished

Notes
Turn   | Place    | Note
-------+----------+-------------------------------------------
     0 | D:1      | vurker the Octopode Fire Elementalist began the quest for
                  | the Orb.
     0 | D:1      | Reached XP level 1. HP: 11/11 MP: 3/3
   280 | D:1      | Hit by a stone thrown by a kobold

Illustrated notes

Levels and vault maps discovered:
D:1:      nicolae_arrival_washed_ashore, layout_basic, dk_noncrumbling_4,
          minmay_tromino_v2

Action                   || total
-------------------------++-------
Melee: Unarmed           ||     5
       Constrict         ||     2
       Tentacles         ||     1
 Cast: Foxfire           ||    14
Armor: Skin              ||     2
Dodge: Dodged            ||     9

Table legend: (Time is in decaauts)
 A = Elapsed time spent in this place.
 B = Non-inter-level travel time spent in this place.
 C = Inter-level travel time spent in this place.
 D = Time resting spent in this place.
 E = Time spent auto-exploring this place.
 F = Levels seen in this place.
 G = Mean time per level.
                   A        B        C        D        E       F      G
               +--------+--------+--------+--------+--------+-----+--------+
         Total |    279 |    279 |      0 |      0 |    204 |   1 |  279.0 |
       Dungeon |    279 |    279 |      0 |      0 |    204 |   1 |  279.0 |
               +--------+--------+--------+--------+--------+-----+--------+

Top non-repeatable levels by time:
     D:1: 279 daAuts
